Map: Data-C

Players

Ryung - Winner!

  • Race: Terran Terran
  • Spawn Location: 3:00

MaNa

  • Race: Protoss Protoss
  • Spawn Location: 9:00

Event: DreamHack SC2 Masters 2022 Atlanta (Offline)

VOD

Have the link to the VOD?

Description

Time

  • Played on: Nov. 18, 2022, 10:47 a.m.
  • Length: 17:21

All games in this series

Show
View Real Time Build Order
Export as new Build Order

Ryung Terran - Winner!

Build Orders: Cyclone Opening 

Get SALT Encoding   

  12  0:00  SCV  
  13  0:12  SCV  
  14  0:17  Supply Depot  
  14  0:24  SCV  
  15  0:39  SCV, Barracks  
  16  0:43  Refinery  
  16  0:51  SCV  
  16  0:53  Refinery  
  17  1:03  SCV  
  18  1:15  SCV  
  19  1:26  Reaper  
  19  1:27  Supply Depot, Orbital Command  
  20  1:41  Factory  
  20  1:53  SCV  
  21  1:58  Barracks Reactor  
  21  2:05  SCV  
  22  2:17  SCV  
  22  2:19  Command Center  
  23  2:24  Factory Tech Lab  
  23  2:29  SCV  
  24  2:34  Starport  
  24  2:36  Marine  
  25  2:37  Marine  
  25  2:41  SCV  
  27  2:46  Supply Depot  
  27  2:53  SCV  
  31  2:58  Cyclone  
  31  3:07  SCV, Marine  
  31  3:08  Marine  
  34  3:12  Starport Tech Lab  
  34  3:20  SCV  
  34  3:28  Marine x2  
  34  3:31  Cloaking Field, Orbital Command  
  36  3:35  SCV  
  36  3:41  Banshee  
  40  3:46  Marine x2  
  40  3:48  SCV  
  43  3:56  Supply Depot, SCV  
  43  4:00  SCV  
  43  4:02  Siege Tank  
  48  4:04  Marine  
  48  4:06  Marine  
  51  4:10  SCV  
  51  4:12  SCV  
  51  4:13  Supply Depot  
  52  4:22  SCV  
  52  4:23  Banshee  
  56  4:24  SCV  
  56  4:25  Marine x2  
  59  4:32  Supply Depot  
  59  4:34  SCV  
  59  4:36  SCV  
  61  4:43  Marine x2  
  61  4:44  Siege Tank  
  66  4:47  SCV  
  66  4:48  SCV, Barracks  
  68  4:58  Refinery, Barracks  
  68  5:00  Supply Depot, SCV x2  
  68  5:06  Banshee  
  73  5:12  SCV  
  73  5:13  SCV  
  75  5:24  SCV  
  75  5:25  Engineering Bay, SCV, Siege Tank  
  80  5:33  Marine x2  
  82  5:36  SCV  
  82  5:37  SCV  
  82  5:39  Supply Depot x2  
  82  5:40  Refinery  
  84  5:48  SCV  
  84  5:49  SCV  
  83  5:51  Barracks Tech Lab  
  83  5:53  Marine x2  
  83  5:54  Barracks Tech Lab  
  84  6:02  SCV x2  
  78  6:08  Siege Tank  
  78  6:11  Stimpack, Marine  
  73  6:14  SCV x2  
  66  6:20  Terran Infantry Weapons Level 1  
  64  6:31  Combat Shield, Marine x3  
  63  6:34  SCV x2  
  58  6:46  SCV x2  
  56  6:52  Starport Reactor  
  56  6:56  Command Center  
  56  6:58  SCV x2, Missile Turret  
  58  7:07  Marauder  
  58  7:08  Marauder  
  62  7:09  Marine x2  
  62  7:10  SCV x2  
  62  7:14  Siege Tank  
  70  7:22  SCV  
  70  7:23  SCV  
  70  7:25  Supply Depot  
  70  7:28  Medivac x2  
  75  7:34  SCV  
  75  7:35  SCV  
  71  7:42  Marauder x2, Marine x2  
  76  7:47  SCV x2  
  78  7:58  Concussive Shells  
  78  7:59  SCV x2, Medivac  
  78  8:00  Medivac  
  78  8:01  Barracks x2  
  78  8:03  Marine  
  85  8:07  Orbital Command  
  85  8:11  SCV x2  
  87  8:15  Marine  
  87  8:16  Marauder x2  
  92  8:22  Terran Infantry Armor Level 1, Orbital Command  
  92  8:23  SCV x2  
  94  8:30  Marine  
  95  8:35  SCV x2  
  95  8:37  Marauder  
  99  8:47  SCV x2  
  101  8:48  SCV  
  101  8:51  Barracks Reactor, Marauder x2  
  101  8:52  Marine x2  
  108  8:57  Medivac x2  
  108  8:59  SCV  
  108  9:01  SCV x2  
  115  9:07  Supply Depot  
  115  9:11  SCV  
  115  9:13  SCV  
  115  9:14  Ghost Academy  
  115  9:16  Armory  
  117  9:19  SCV  
  117  9:23  SCV  
  117  9:24  Refinery x2  
  119  9:25  SCV  
  119  9:26  Supply Depot  
  119  9:27  Supply Depot  
  119  9:31  Marauder x3  
  125  9:34  SCV  
  125  9:35  SCV  
  125  9:37  SCV  
  128  9:44  Marine x4  
  132  9:47  SCV  
  132  9:48  SCV  
  132  9:49  SCV  
  132  9:51  Ghost x2  
  132  9:52  Ghost  
  138  10:04  Enhanced Shockwaves  
  138  10:06  Engineering Bay, Command Center  
  138  10:08  Siege Tank  
  138  10:13  Viking x2  
  145  10:14  Missile Turret  
  145  10:18  Marine x4  
  149  10:25  Supply Depot x2  
  149  10:27  Terran Infantry Weapons Level 2  
  149  10:29  Supply Depot  
  149  10:47  Terran Infantry Armor Level 2, Marauder x3  
  155  10:50  Barracks  
  155  10:51  Medivac  
  155  10:53  Barracks  
  155  10:55  Barracks  
  155  10:57  Medivac  
  157  11:05  Missile Turret  
  157  11:08  Supply Depot, Ghost  
  157  11:09  Supply Depot  
  159  11:13  Ghost  
  159  11:18  Marine x4  
  165  11:22  Ghost  
  167  11:26  SCV x2  
  167  11:27  SCV  
  169  11:38  Marauder  
  171  11:42  Marauder  
  171  11:43  Barracks Reactor, Barracks Tech Lab x2  
  171  11:44  Missile Turret  
  173  11:51  Marauder, Marine x4  
  179  11:57  Missile Turret, Planetary Fortress  
  179  11:58  Refinery  
  179  11:59  Refinery, Marauder  
  178  12:04  Marauder  
  178  12:08  Marauder  
  186  12:13  Marauder  
  184  12:17  Command Center  
  183  12:24  Marauder x2  
  187  12:30  Marauder  
  187  12:31  Marauder  
  187  12:34  Marauder  
  193  12:37  Terran Ship Weapons Level 1  
  193  12:38  Starport  
  193  12:45  Marauder x2  
  197  12:53  Marauder  
  197  12:54  Marauder  
  200  13:05  Marauder  
  192  13:06  Terran Infantry Weapons Level 3, Terran Infantry Armor Level 3  
  192  13:07  Marauder x2  
  196  13:15  Marauder  
  196  13:18  Starport Reactor  
  196  13:19  Command Center  
  198  13:20  Command Center  
  198  13:22  Fusion Core  
  194  13:58  Marine x8  
  194  13:59  Marauder x3  
  194  14:01  Widow Mine  
  175  14:04  Medivac x2  
  175  14:05  Medivac, Planetary Fortress  
  185  14:17  Marauder x2, Marine x3  
  185  14:18  Advanced Ballistics  
  185  14:20  Marine x2  
  185  14:21  Marauder x3  
  185  14:22  Widow Mine  
  191  14:27  Marine  
  191  14:29  Medivac  
  178  14:34  Orbital Command  
  178  14:35  Marine x2  
  178  14:37  Terran Ship Weapons Level 2  
  180  14:38  Marauder x2  
  180  14:48  Marauder x2  
  180  14:50  Marine x3  
  187  15:02  Marine x3, Ghost x2  
  187  15:05  Marauder  
  173  15:09  Liberator x3, Marauder x2  
  173  15:10  Liberator  
  173  15:13  SCV  
  173  15:14  SCV  
  182  15:15  Planetary Fortress  
  182  15:16  Marine x3  
  182  15:20  Marine x3  
  186  15:26  Marine  
  183  15:30  Refinery x2, SCV x2, Marine, Ghost  
  183  15:31  SCV, Ghost  
  183  15:33  SCV  
  190  15:49  Sensor Tower  
  190  15:56  Marine x6  
  196  16:08  Marine x3  
  198  16:20  Marauder  
  200  16:39  Marine x3  
  196  16:50  Marauder x4  
  200  17:00  Command Center  
  200  17:01  Command Center  
  200  17:06  Armory  
Show
View Real Time Build Order
Export as new Build Order

MaNa Protoss 

Build Orders: 1 Gate Expand, Oracle Opening, Colossus Rush 

Get SALT Encoding   

  12  0:00  Probe  
  13  0:12  Probe  
  14  0:18  Pylon  
  14  0:24  Probe (Chrono Boost)  
  15  0:36  Gateway  
  15  0:37  Probe (Chrono Boost)  
  16  0:44  Probe (Chrono Boost)  
  16  0:46  Assimilator  
  17  0:52  Probe  
  18  1:04  Probe  
  19  1:16  Probe  
  20  1:25  Cybernetics Core  
  20  1:34  Nexus  
  20  1:37  Probe  
  21  1:44  Pylon  
  21  1:50  Probe  
  21  1:53  Assimilator  
  22  2:01  Adept (Chrono Boost)  
  22  2:02  Probe  
  25  2:14  Probe  
  26  2:19  Stargate  
  26  2:26  Adept (Chrono Boost), Probe (Chrono Boost)  
  29  2:36  Probe (Chrono Boost)  
  30  2:39  Warp Gate  
  30  2:41  Probe (Chrono Boost)  
  31  2:47  Probe  
  32  2:52  Probe  
  32  2:53  Adept (Chrono Boost)  
  35  2:59  Probe  
  35  3:04  Probe  
  37  3:11  Oracle (Chrono Boost), Probe  
  40  3:17  Probe  
  41  3:23  Probe  
  42  3:29  Probe  
  42  3:31  Gateway, Pylon  
  43  3:35  Probe  
  43  3:36  Robotics Facility  
  43  3:41  Probe  
  45  3:47  Probe  
  46  3:52  Oracle (Chrono Boost)  
  46  3:53  Probe  
  46  3:55  Shield Battery  
  50  3:58  Assimilator  
  50  3:59  Assimilator  
  50  4:00  Probe  
  51  4:05  Probe  
  52  4:12  Probe, Pylon  
  53  4:17  Probe  
  54  4:27  Immortal (Chrono Boost)  
  54  4:28  Pylon  
  54  4:30  Probe  
  59  4:32  Phoenix  
  59  4:34  Probe  
  62  4:45  Pylon  
  62  4:46  Adept, Sentry, Probe  
  62  4:48  Probe  
  68  4:57  Robotics Bay  
  68  4:58  Probe  
  69  5:02  Probe  
  69  5:04  Pylon  
  69  5:07  Observer  
  71  5:10  Probe  
  71  5:11  Phoenix  
  71  5:14  Probe  
  75  5:17  Shield Battery  
  75  5:22  Probe  
  75  5:32  Probe  
  72  5:36  Probe  
  72  5:41  Adept  
  71  5:43  Colossus (Chrono Boost)  
  71  5:44  Probe  
  78  5:53  Pylon  
  78  5:54  Sentry  
  78  5:56  Probe  
  73  6:05  Probe  
  73  6:08  Probe  
  73  6:10  Phoenix  
  75  6:11  Zealot  
  75  6:17  Probe  
  76  6:20  Probe  
  76  6:21  Gateway  
  76  6:22  Gateway  
  77  6:29  Probe  
  77  6:32  Probe  
  70  6:41  Probe  
  70  6:44  Probe  
  71  6:47  Nexus  
  71  6:52  Twilight Council  
  71  6:53  Probe  
  69  6:56  Probe  
  69  6:59  Sentry  
  72  7:03  Colossus  
  72  7:05  Probe  
  79  7:08  Probe (Chrono Boost)  
  79  7:14  Phoenix  
  82  7:17  Probe (Chrono Boost)  
  82  7:21  Probe (Chrono Boost)  
  84  7:27  Probe (Chrono Boost)  
  84  7:28  Probe (Chrono Boost)  
  86  7:32  Probe (Chrono Boost)  
  86  7:35  Probe  
  81  7:39  Phoenix  
  81  7:42  Charge  
  81  7:44  Probe  
  78  7:47  Probe  
  78  7:49  Extended Thermal Lance  
  79  7:53  Gateway  
  79  7:54  Gateway  
  79  7:56  Probe  
  79  7:57  Gateway  
  80  7:59  Gateway  
  80  8:06  Colossus  
  80  8:09  Probe x2  
  87  8:17  Zealot  
  87  8:18  Zealot x2  
  87  8:19  Probe  
  94  8:21  Probe  
  94  8:25  Pylon  
  94  8:26  Templar Archives  
  95  8:34  Phoenix  
  95  8:36  Pylon  
  97  8:43  Probe x3  
  100  8:51  Zealot x4  
  100  8:55  Probe x2  
  110  8:57  Pylon  
  110  8:58  Probe  
  110  8:59  Shield Battery, Pylon  
  110  9:02  Assimilator  
  111  9:04  Assimilator  
  111  9:05  Phoenix (Chrono Boost)  
  111  9:08  Shield Battery  
  112  9:10  Probe  
  112  9:11  Probe  
  112  9:12  Shield Battery  
  114  9:20  Forge, High Templar  
  114  9:21  High Templar  
  118  9:24  Probe  
  118  9:25  Phoenix (Chrono Boost), Archon  
  118  9:26  Probe x2  
  123  9:36  Nexus  
  123  9:40  Immortal  
  125  9:50  Phoenix  
  127  9:55  Probe x2  
  129  10:00  Protoss Ground Weapons Level 1 (Chrono Boost)  
  129  10:01  High Templar x2  
  129  10:05  Pylon  
  129  10:06  Archon  
  132  10:08  Pylon  
  132  10:11  Forge  
  132  10:13  Gateway  
  132  10:15  Gateway, Pylon  
  132  10:17  Pylon  
  132  10:21  Photon Cannon x2  
  132  10:23  Phoenix  
  132  10:24  Disruptor  
  132  10:28  Robotics Facility  
  137  10:30  Probe x2  
  137  10:31  Probe  
  140  10:36  Protoss Ground Armor Level 1 (Chrono Boost)  
  140  10:42  Probe x2  
  142  10:43  Zealot x3, Probe  
  142  10:47  Zealot x2  
  153  10:54  Probe  
  153  10:56  Probe x3  
  157  11:01  Disruptor (Chrono Boost)  
  160  11:06  Shield Battery  
  160  11:07  Photon Cannon  
  160  11:08  Assimilator  
  160  11:14  Assimilator  
  160  11:16  Disruptor (Chrono Boost)  
  160  11:18  Pylon  
  163  11:22  Zealot  
  163  11:24  Probe x2  
  167  11:30  Disruptor (Chrono Boost)  
  167  11:32  Photon Cannon  
  170  11:38  Photon Cannon  
  170  11:39  Photon Cannon, Protoss Ground Weapons Level 2 (Chrono Boost)  
  170  11:40  Shield Battery  
  170  11:42  Photon Cannon  
  170  11:44  Disruptor (Chrono Boost)  
  173  11:49  Robotics Facility  
  171  12:01  Stalker x4  
  171  12:02  Blink (Chrono Boost)  
  171  12:05  Nexus  
  171  12:06  Pylon  
  171  12:07  Zealot  
  181  12:14  Disruptor  
  181  12:15  Disruptor  
  185  12:34  High Templar x4  
  185  12:35  Zealot  
  195  12:38  Archon x2  
  195  12:42  Photon Cannon  
  195  12:44  Photon Cannon  
  195  12:45  Photon Cannon  
  195  12:47  Photon Cannon  
  195  12:48  Shield Battery  
  195  12:51  Photon Cannon  
  195  12:53  Photon Cannon  
  195  12:55  Pylon  
  193  12:59  Zealot  
  189  13:12  Dark Shrine  
  188  13:15  Photon Cannon  
  187  13:24  Protoss Ground Armor Level 2  
  187  13:26  Pylon  
  187  13:28  Pylon  
  187  13:31  Stargate, Photon Cannon  
  187  13:33  Photon Cannon  
  187  13:35  Fleet Beacon  
  187  13:43  Protoss Air Weapons Level 1  
  180  13:49  Zealot x10  
  150  14:09  Zealot x6, Stalker x3  
  168  14:10  Colossus (Chrono Boost)  
  168  14:12  Disruptor x2 (Chrono Boost)  
  177  14:24  Probe  
  177  14:26  Probe x3  
  177  14:28  Phoenix  
  169  14:36  Probe  
  169  14:38  Probe x3, High Templar x2  
  170  14:39  High Templar x2  
  170  14:40  Colossus (Chrono Boost)  
  181  14:47  Archon  
  181  14:48  Probe  
  181  14:50  Archon, Stalker x3  
  181  15:11  Zealot x4  
  181  15:13  Stalker x3  
  180  15:21  Probe  
  180  15:22  Probe  
  182  15:33  Nexus  
  182  15:34  Pylon  
  182  15:35  Stalker x4  
  190  15:36  Stalker x2  
  193  15:46  Stalker  
  193  15:48  Nexus  
  191  16:14  Dark Templar x2  
  185  16:26  Tempest x2  
  177  16:54  Nexus  
  175  17:05  Nexus  
Tags
 
Add a new tag
Caveats
  • Supply blocks, unpowered buildings, or Contaminate may cause inaccurate times.
  • Supply counts are checked every 10 seconds.